Map: Rhoskallian LE

Players

qqq - Winner!

  • Race: Protoss Protoss
  • League: Platinum
  • Spawn Location: 6:00

Massa - Winner!

  • Race: Terran Terran
  • League: Gold
  • Spawn Location: 5:00

Griselbrand

  • Race: Protoss Protoss
  • League: Platinum
  • Spawn Location: 11:00

Era

  • Race: Terran Terran
  • League: Diamond
  • Spawn Location: 12:00

VOD

Have the link to the VOD?

Description

Time

  • Played on: Aug. 12, 2020, 12:11 p.m.
  • Length: 10:20
Show
View Real Time Build Order
Export as new Build Order

qqq Protoss - Winner!

Build Orders:  

Get SALT Encoding   

  12  0:01  Probe  
  13  0:13  Probe  
  14  0:19  Pylon  
  14  0:25  Probe  
  15  0:37  Probe  
  16  0:49  Probe  
  17  1:01  Probe  
  18  1:07  Nexus  
  18  1:15  Pylon  
  18  1:19  Probe  
  19  1:31  Probe  
  20  1:33  Gateway  
  20  1:43  Probe  
  21  1:47  Assimilator  
  21  1:51  Assimilator  
  21  1:55  Probe  
  22  2:07  Probe  
  23  2:19  Probe  
  23  2:20  Probe  
  25  2:29  Forge  
  25  2:31  Probe  
  25  2:32  Probe  
  27  2:43  Probe  
  27  2:44  Probe, Cybernetics Core  
  29  2:54  Pylon  
  29  2:55  Probe, Pylon  
  29  2:56  Probe  
  31  3:07  Probe  
  31  3:08  Probe  
  31  3:10  Photon Cannon  
  33  3:14  Pylon  
  33  3:19  Probe, Pylon  
  34  3:20  Probe  
  34  3:25  Stalker (Chrono Boost)  
  37  3:31  Probe  
  38  3:53  Probe x2  
  40  4:00  Stargate  
  40  4:03  Stargate  
  40  4:05  Nexus  
  40  4:14  Protoss Air Weapons Level 1  
  40  4:17  Photon Cannon  
  40  4:20  Shield Battery  
  40  4:27  Assimilator  
  40  4:31  Assimilator  
  41  4:45  Stalker  
  40  4:51  Phoenix  
  40  4:52  Phoenix  
  46  4:53  Probe  
  46  4:54  Probe  
  48  5:06  Probe x2  
  50  5:16  Phoenix, Fleet Beacon  
  50  5:18  Probe x2  
  50  5:19  Phoenix  
  56  5:34  Probe  
  57  5:41  Probe, Phoenix  
  60  5:46  Probe  
  59  5:58  Probe  
  59  6:03  Phoenix  
  62  6:06  Phoenix  
  62  6:07  Flux Vanes  
  62  6:10  Probe  
  65  6:15  Assimilator  
  65  6:19  Assimilator  
  65  6:22  Probe, Pylon  
  66  6:28  Pylon  
  66  6:36  Nexus  
  66  6:39  Phoenix  
  68  6:40  Carrier  
  68  6:41  Robotics Facility  
  68  6:42  Pylon  
  68  6:45  Probe  
  75  6:52  Photon Cannon  
  75  6:53  Photon Cannon  
  75  6:57  Probe, Photon Cannon  
  76  7:01  Photon Cannon  
  76  7:04  Tempest  
  81  7:09  Probe  
  81  7:12  Probe x2  
  84  7:19  Protoss Air Armor Level 1 (Chrono Boost)  
  84  7:21  Probe  
  85  7:24  Probe x2  
  87  7:30  Observer  
  87  7:33  Probe  
  87  7:36  Probe x2  
  91  7:42  Pylon  
  91  7:44  Carrier  
  91  7:45  Pylon  
  95  7:57  Carrier  
  101  8:09  Probe x2  
  103  8:21  Probe x2  
  105  8:27  Photon Cannon  
  105  8:30  Photon Cannon  
  105  8:33  Probe x2, Assimilator  
  107  8:39  Assimilator  
  107  8:45  Probe x2  
  109  8:48  Carrier  
  115  8:57  Probe  
  115  9:01  Carrier  
  118  9:53  Stargate x2  
  118  9:57  Pylon  
  118  9:59  Pylon  
  128  10:05  Pylon  
  133  10:08  Pylon  
Show
View Real Time Build Order
Export as new Build Order

Massa Terran - Winner!

Build Orders:  

Get SALT Encoding   

  12  0:01  SCV  
  13  0:13  SCV  
  14  0:24  Supply Depot  
  14  0:25  SCV  
  15  0:30  Refinery  
  15  0:46  SCV  
  15  0:48  Barracks  
  16  0:58  SCV  
  17  1:10  SCV  
  18  1:22  SCV  
  19  1:34  SCV  
  19  1:35  Reaper  
  19  1:36  Supply Depot  
  21  2:00  Orbital Command  
  21  2:08  Reaper  
  22  2:13  Command Center  
  21  2:56  SCV  
  22  3:06  Marine  
  22  3:08  SCV  
  24  3:13  Factory  
  24  3:20  Barracks  
  24  3:21  SCV  
  24  3:24  Marine  
  26  3:33  SCV  
  27  3:42  Marine  
  27  3:45  SCV  
  27  3:47  Orbital Command  
  28  3:57  SCV, Factory Tech Lab  
  28  3:59  Marine  
  30  4:05  Factory  
  30  4:09  SCV, Barracks  
  31  4:10  Barracks Tech Lab  
  31  4:16  Engineering Bay  
  31  4:17  Marine  
  31  4:19  Refinery  
  31  4:21  SCV  
  31  4:23  Armory  
  33  4:27  Starport  
  32  4:33  SCV  
  32  4:55  Factory Reactor  
  32  5:02  Barracks Tech Lab  
  32  5:04  Concussive Shells  
  32  5:08  Refinery  
  32  5:10  Refinery  
  32  5:24  Marauder x2, Marine  
  37  5:30  SCV x2  
  39  5:42  SCV x2, Marine  
  42  5:45  Marauder x2  
  46  6:16  Supply Depot  
  46  6:17  Terran Infantry Weapons Level 1  
  46  6:20  Supply Depot  
  46  6:22  Supply Depot  
  46  6:36  Stimpack  
  46  6:37  SCV, Marine x2, Combat Shield  
  46  6:38  Marauder  
  46  6:39  Siege Tank  
  54  6:42  Hellion x2  
  54  6:43  Infernal Pre-Igniter  
  54  6:45  SCV  
  59  6:49  SCV  
  59  6:52  Medivac  
  62  6:55  Marauder, Marine  
  62  6:59  Marauder  
  67  7:03  Hellion  
  69  7:09  Supply Depot  
  69  7:11  Missile Turret  
  69  7:13  Marine  
  69  7:15  Hellion  
  70  7:16  Supply Depot  
  70  7:30  Marine, Siege Tank  
  70  7:31  Marauder x2  
  78  7:38  Hellion  
  80  7:48  SCV x2, Marine  
  83  7:52  Marauder  
  83  7:57  Engineering Bay  
  85  8:00  SCV  
  86  8:07  Supply Depot  
  86  8:11  Terran Infantry Armor Level 1  
  86  8:27  SCV x2  
  86  8:28  Medivac, Siege Tank  
  86  8:29  Marauder  
  92  8:39  SCV x2  
  53  9:12  Marauder  
  53  9:13  Marauder  
  53  9:14  Marine  
  53  9:16  Thor  
  64  9:18  Widow Mine x2  
  64  9:23  Medivac  
  70  9:31  Marine  
  70  9:34  Marauder x2  
  75  9:41  SCV  
  75  9:42  SCV  
  77  9:49  Marine  
  77  9:50  Command Center  
  78  9:54  SCV x2  
  78  9:55  Marauder x2  
  84  10:06  SCV  
Show
View Real Time Build Order
Export as new Build Order

Griselbrand Protoss 

Build Orders:  

Get SALT Encoding   

  12  0:04  Probe (Chrono Boost)  
  13  0:17  Probe (Chrono Boost), Pylon  
  14  0:35  Probe  
  15  0:36  Gateway  
  15  0:48  Assimilator  
  15  0:53  Probe, Assimilator  
  16  1:07  Gateway  
  16  1:18  Probe (Chrono Boost)  
  17  1:25  Cybernetics Core  
  17  1:30  Probe (Chrono Boost)  
  18  1:39  Probe (Chrono Boost)  
  19  2:02  Stalker  
  19  2:03  Stalker  
  19  2:06  Warp Gate (Chrono Boost)  
  19  2:07  Pylon  
  23  2:25  Probe  
  24  2:37  Probe  
  25  3:06  Pylon  
  25  3:09  Nexus  
  25  3:19  Twilight Council  
  25  3:25  Pylon  
  25  3:44  Probe (Chrono Boost)  
  26  3:55  Probe (Chrono Boost)  
  27  3:57  Robotics Facility  
  27  3:59  Probe (Chrono Boost)  
  28  4:10  Probe  
  29  4:22  Probe  
  30  4:35  Forge  
  30  4:37  Probe x2  
  32  4:41  Assimilator  
  32  4:45  Assimilator  
  32  4:49  Probe  
  32  4:50  Probe  
  34  4:56  Pylon  
  34  5:00  Observer, Pylon  
  34  5:01  Probe  
  36  5:11  Probe  
  36  5:14  Probe  
  38  5:23  Probe  
  38  5:26  Probe  
  38  5:27  Gateway  
  41  5:35  Probe  
  41  5:38  Probe  
  41  6:18  Protoss Ground Weapons Level 1 (Chrono Boost)  
  41  6:29  Stalker  
  41  6:30  Stalker x2  
  47  6:45  Probe  
  47  6:46  Probe  
  49  6:58  Probe x2  
  51  7:02  Gateway  
  51  7:04  Gateway  
  51  7:07  Gateway  
  51  7:09  Dark Shrine  
  51  7:10  Probe x2  
  53  7:27  Stalker x2  
  55  7:55  Pylon  
  55  8:14  Stalker x3  
  55  8:15  Stalker x3  
  67  8:29  Stargate  
  67  8:30  Stargate  
  67  8:32  Stargate  
  67  8:35  Stargate  
  67  8:40  Stargate  
  57  8:43  Stargate  
  43  8:48  Dark Templar  
  43  8:49  Dark Templar x5  
  42  9:27  Void Ray x3  
  54  9:32  Zealot  
  54  9:33  Zealot x5  
Show
View Real Time Build Order
Export as new Build Order

Era Terran 

Build Orders:  

Get SALT Encoding   

  12  0:00  SCV  
  13  0:12  SCV  
  14  0:18  Supply Depot  
  14  0:24  SCV  
  15  0:30  Refinery  
  15  0:40  SCV  
  16  0:52  SCV  
  16  0:53  Barracks  
  17  1:05  SCV  
  17  1:10  Barracks  
  18  1:17  SCV  
  19  1:29  SCV  
  20  1:42  Orbital Command  
  20  1:45  Refinery  
  21  1:53  Factory  
  20  2:02  Reaper  
  21  2:32  Marine  
  21  2:34  Reaper  
  22  2:45  SCV  
  23  3:04  Supply Depot  
  23  3:05  Supply Depot  
  23  3:20  SCV, Reaper  
  23  3:23  Command Center  
  25  3:33  SCV  
  26  3:46  SCV  
  27  3:59  SCV  
  27  4:01  Barracks Reactor  
  27  4:02  Factory Tech Lab  
  26  4:03  Barracks Tech Lab  
  26  4:06  Starport  
  26  4:11  SCV  
  27  4:31  SCV  
  27  4:38  Factory  
  27  4:39  Factory  
  27  4:44  Marine x2  
  29  4:45  Marine, Engineering Bay  
  29  4:47  Orbital Command  
  29  4:52  Viking  
  32  4:59  Armory  
  32  5:00  SCV  
  32  5:06  Orbital Command  
  33  5:09  Widow Mine  
  33  5:12  Marine  
  36  5:21  Missile Turret  
  36  5:22  Viking  
  36  5:27  Missile Turret  
  38  5:43  SCV  
  37  6:18  Thor  
  37  6:21  Terran Vehicle Weapons Level 1  
  43  6:26  Hi-Sec Auto Tracking  
  43  6:27  SCV  
  43  6:28  Marine x2  
  45  6:43  SCV x2  
  47  6:55  SCV x2  
  49  7:07  SCV  
  49  7:08  Supply Depot  
  50  7:09  Supply Depot  
  50  7:13  Starport  
  50  7:16  Factory Tech Lab  
  50  7:17  Factory Tech Lab  
  50  7:21  SCV x2  
  52  7:33  SCV  
  52  7:34  Supply Depot  
  53  7:43  Missile Turret  
  53  8:00  Missile Turret  
  53  8:07  SCV  
  53  8:08  SCV  
  55  8:16  Factory Tech Lab  
  55  8:19  Viking x2  
  60  8:20  SCV x2  
  60  8:21  Thor  
  60  8:22  Thor  
  73  8:30  Refinery  
  67  8:48  SCV  
  60  8:51  Siege Tank  
  60  8:54  Marine x2  
  48  9:00  SCV  
  43  9:06  Viking  
  45  9:12  SCV  
  37  10:02  Command Center  
Tags
 
Add a new tag
Caveats
  • Supply blocks, unpowered buildings, or Contaminate may cause inaccurate times.
  • Supply counts are checked every 10 seconds.